 Dungeon Crawl Stone Soup version 0.22.1-5-g62c59d9 (webtiles) character file.

73 NamelessOne the Magician (level 4, -1/24 HPs)
             Began as a Deep Elf Wizard on Jan 15, 2019.
             Killed by nerve-wracking pain
             ... invoked by Grinder
              (7 damage)
             ... on level 3 of the Dungeon.
             The game lasted 00:32:09 (2484 turns).

NamelessOne the Magician (Deep Elf Wizard)          Turns: 2484, Time: 00:32:10

Health: -1/24      AC:  2    Str:  4    XL:     4   Next: 8%
Magic:  0/13       EV: 13    Int: 24    God:
Gold:   110        SH:  0    Dex: 13    Spells: 5/13 levels left

rFire    . . .     SeeInvis .   n - staff of earth
rCold    . . .     Gourm    .   (no shield)
rNeg     . . .     Faith    .   a - +0 robe
rPois    .         Spirit   .   b - +0 hat
rElec    .         Reflect  .   (no cloak)
rCorr    .         Harm     .   (no gloves)
MR       .....                  (no boots)
Stlth    ++........             (no amulet)
HPRegen  0.08/turn              (no ring)
MPRegen  0.13/turn              (no ring)

@: very slightly contaminated
A: no striking features
a: no special abilities


You were on level 3 of the Dungeon.
You were not hungry.

You visited 1 branch of the dungeon, and saw 3 of its levels.

You collected 110 gold pieces.

Inventory:

Armour
 a - a +0 robe (worn)
 b - a +0 hat (worn)
Magical Staves
 n - an uncursed staff of earth (weapon)
Scrolls
 c - a scroll of fear {unknown}
 e - a scroll of identify {unknown}
 h - a scroll of immolation {unknown}
 j - a scroll of teleportation {unknown}
 k - a scroll of fog {unknown}
Potions
 d - a potion of berserk rage {unknown}
 f - a potion of cancellation {unknown}
 g - a potion of heal wounds {unknown}
 i - a potion of agility {unknown}
 m - a potion of resistance {unknown}
 o - a potion of curing {unknown}
Comestibles
 l - 3 rations


   Skills:
 - Level 2.5 Dodging
 - Level 2.6 Stealth
 - Level 5.2 Spellcasting
 - Level 1.3 Conjurations
 + Level 3.3 Summonings
 - Level 1.1 Translocations


You had 5 spell levels left.
You knew the following spells:

 Your Spells              Type           Power        Failure   Level  Hunger
a - Magic Dart            Conj           ##..         4%          1    None
b - Call Imp              Summ           ###.....     3%          2    None
c - Blink                 Tloc           N/A          9%          2    None
d - Mephitic Cloud        Conj/Pois/Air  #.......     22%         3    ##.....

Your spell library contained the following spells:

 Spells                   Type           Power        Failure   Level  Hunger
 Slow                     Hex            #.......     13%         2    None
 Conjure Flame            Conj/Fire      #.......     21%         3    ##.....


Dungeon Overview and Level Annotations

Branches:
Dungeon (3/15)

Altars:

Annotations:
D:3 Grinder


Message History

Your crimson imp misses Grinder.
Your crimson imp barely misses Grinder.
There is an open door here.
Casting: Blink (safe; 9% risk of failure)
Confirm with . or Enter, or press ? or * to list all spells.
A beastly little devil appears in a puff of flame.
Grinder hits your shadow imp.
Your crimson imp hits Grinder.
Your crimson imp blinks!
You swap places.
Your shadow imp disappears in a puff of smoke!
Your crimson imp hits Grinder.
Your crimson imp barely misses Grinder.
Casting: Call Imp (safe; 3% risk of failure)
Confirm with . or Enter, or press ? or * to list all spells.
A beastly little devil appears in a puff of flame.
Your crimson imp hits Grinder but does no damage.
Your crimson imp blinks!
Your crimson imp barely misses Grinder.
Grinder gestures at you. Pain shoots through your body!
You die...

#<# #.# #.#
#############
#.#
#>...555.....
#.#
#.###########
#.# #.# #.#
###.#
##5###.ยง.#
#..@.55[.#
######5.5#
#...# ###.#
#.# #........
#########


You could see Grinder and 4 friendly crimson imps.

Vanquished Creatures
  A worker ant (D:3)
  An ooze (D:2)
  A dart slug (D:1)
  3 leopard geckos
  2 bats (D:1)
  A giant cockroach (D:1)
  5 goblins
  4 hobgoblins (D:1)
  4 kobolds
  A frilled lizard (D:1)
  5 rats
28 creatures vanquished.

Vanquished Creatures (collateral kills)
  2 adders
  A dart slug (D:2)
  3 giant cockroaches
  4 goblins
  7 hobgoblins
  A rat (D:1)
18 creatures vanquished.

Grand Total: 46 creatures vanquished

Notes
Turn   | Place    | Note
-------+----------+-------------------------------------------
     0 | D:1      | NamelessOne the Deep Elf Wizard began the quest for the
                  | Orb.
     0 | D:1      | Reached XP level 1. HP: 10/10 MP: 7/7
   144 | D:1      | Reached XP level 2. HP: 1/15 MP: 0/9
   428 | D:1      | Reached skill level 5 in Spellcasting
   532 | D:1      | Learned a level 2 spell: Call Imp
   535 | D:1      | Learned a level 2 spell: Blink
  1090 | D:1      | Reached XP level 3. HP: 10/19 MP: 8/11
  2087 | D:2      | Learned a level 3 spell: Mephitic Cloud
  2366 | D:3      | Reached XP level 4. HP: 24/24 MP: 5/13
  2397 | D:3      | Noticed Grinder
  2397 | D:3      | Paralysed by Grinder for 5 turns
  2484 | D:3      | Killed from afar by Grinder

Skill      XL: |  1  2  3 |
---------------+----------+-----
Spellcasting   | 5 |  5.2
Summonings     | 3 |  3.3
Dodging        | |  2.5
Stealth        | |  2.6
Conjurations   | |  1.3
Translocations | |  1.1

Action                   |  1- 3 |  4- 6 || total
-------------------------+-------+-------++-------
Melee: Unarmed           |    51 |       ||    51
       Staff             |     1 |       ||     1
 Cast: Magic Dart        |    60 |     1 ||    61
       Call Imp          |    17 |     8 ||    25
       Blink             |     1 |     1 ||     2
 Stab: Sleeping          |     1 |       ||     1
  Eat: Ration            |     1 |       ||     1
       Chunk             |     1 |       ||     1
Armor: Robe              |    15 |       ||    15
Dodge: Dodged            |    75 |     3 ||    78
